 Dungeon Crawl Stone Soup version bcrawl-1.37.2 (webtiles) character file.

Game seed: 12388009294753114617

211250 Mehrunes the Magician (level 8, -6/52 HPs)
             Began as a Mummy Fire Elementalist on Nov 9, 2022.
             Killed from afar by a crimson imp (21 damage)
             ... with a flame tongue
             ... on level 5 of the Dungeon.
             The game lasted 00:13:36 (5125 turns).

Mehrunes the Magician (Mummy Fire Elementalist)     Turns: 5125, Time: 00:13:36

Health: -6/52      AC:  2    Str: 11    XL:     8   Next: 4%
Magic:  4/18       EV: 12    Int: 16    God:
Gold:   345        SH:  0    Dex: 13    Spells: 5/21 levels left

rFire    x . .     GDR:     25% f - +2 dagger (venom)
rCold    + + .     SeeInvis .   (no shield)
rNeg     + + +     Gourm    .   a - +0 robe
rPois    ∞         Faith    .   (no helmet)
rElec    .         Spirit   .   (no cloak)
rCorr    .         Reflect  .   (no gloves)
MR       +....     Clarity  +   (no boots)
Stlth    ++........             (no amulet)
HPRegen  0.18/turn              u - ring of protection from cold
MPRegen  0.16/turn              (no ring)

@: no status effects
A: no food or potions, fire vulnerability, clarity, cold resistance 1, negative
energy resistance 3, torment resistance, unbreathing, strong hexes 1
a: no special abilities


You were on level 5 of the Dungeon.
You were not hungry.

You visited 2 branches of the dungeon, and saw 6 of its levels.

You collected 345 gold pieces.

Inventory:

Hand Weapons
 e - a +0 dagger
 f - a +2 dagger of venom (weapon)
 m - a +0 blowgun
Missiles
 d - 396 stones
 n - 13 poisoned needles
 q - 70 exploding tomahawks (quivered)
Armour
 a - a +0 robe (worn)
 l - a +0 buckler
Jewellery
 u - a ring of protection from cold (left hand)
Wands
 c - a wand of flame (4)
 t - a wand of digging (8)
Scrolls
 g - 3 scrolls of remove curse
 h - 2 scrolls of magic mapping {unknown}
 i - 5 scrolls of identify
 k - a scroll of enchant armour {unknown}
 o - 4 scrolls of immolation {unknown}
 p - a scroll of noise {unknown}
 r - a scroll of enchant weapon {unknown}
 s - a scroll of fog {unknown}


   Skills:
 - Level 1.5 Dodging
 - Level 2.1 Stealth
 + Level 7.0 Spellcasting
 + Level 4.4 Conjurations
 + Level 5.1 Fire Magic


You had 5 spell levels left.
You knew the following spells:

 Your Spells              Type           Power        Failure   Level  Hunger
a - Flame Tongue          Conj/Fire      ###..        1%          1    N/A
b - Conjure Flame         Conj/Fire      ###.....     5%          3    N/A
c - Sticky Flame          Conj/Fire      ###.....     17%         4    N/A
d - Fireball              Conj/Fire      ###.......   43%         5    N/A
e - Iskenderun's Mystic   Conj           ###.....     6%          3    N/A

Your spell library contained the following spells:

 Spells                   Type           Power        Failure   Level  Hunger
 Magic Dart               Conj           ###.         1%          1    N/A
 Searing Ray              Conj           ###.....     3%          2    N/A
 Flaming Arrows           Chrm/Fire      ##......     7%          2    N/A
 Inner Flame              Hex/Fire       N/A          13%         3    N/A
 Fulminant Prism          Conj/Hex       ###.......   45%         4    N/A
 Irradiate                Conj/Tmut      ##........   80%         5    N/A

Dungeon Overview and Level Annotations

Branches:
Dungeon (5/12)             Temple (1/1) D:4

Altars:
Cheibriados
Dithmenos
Gozag
Hepliaklqana
Lugonu
Makhleb
Nemelex Xobeh
Qazlal
Sif Muna
Trog
Uskayaw
Wu Jian
Xom
Yredelemnul


Innate Abilities, Weirdness & Mutations

You do not eat or drink.
Your flesh is vulnerable to fire.
You are immune to poison.
You possess an exceptional clarity of mind.
Your flesh is cold resistant. (rC+)
You are immune to negative energy. (rN+++)
You are immune to unholy pain and torment.
You can survive without breathing.
Your hexes are more powerful.


Message History

The crimson imp hits you.
The crimson imp blinks!
You barely miss the crimson imp.
The crimson imp is heavily wounded.
The crimson imp hits you but does no damage.
You closely miss the crimson imp.
The crimson imp is moderately wounded.
The crimson imp hits you but does no damage.
You hit the crimson imp.
The crimson imp is heavily wounded.
The crimson imp breathes fire at you. The fire burns you terribly!
The flame tongue hits you!
* * * LOW HITPOINT WARNING * * *
You miss the crimson imp.
The crimson imp is moderately wounded.
The crimson imp barely misses you.
You closely miss the crimson imp.
The crimson imp is moderately wounded.
The crimson imp breathes fire at you. The fire burns you terribly!
The flame tongue hits you!!
You die...

####.##.!###........###.......#
######..# ##!.................
##.#.##..# #.......##.%.......
#.....#..# ##.......>##.....%..
###......#.#...#########.......
#.#........#######...# #####..#
#...#...#.##...###...# ##..
###.#.!...###.)..###...# ##.
....#....###..#.@##..... #
.........##..##.5#...#.. #
..........#..###....###. #
..........#..###....###.
........#.#o.####...###.
).......#....######### #
........#...# ...........##
...#[....###


You could see a crimson imp and an orc.

Vanquished Creatures
  2 ogres (D:5)
  A bullfrog (D:4)
  Blork the orc (D:4)
  3 centaurs
  A scorpion (D:4)
  A howler monkey (D:4)
  A crimson imp (D:3)
  2 orc priests
  2 hounds
  3 orc wizards
  An iguana (D:3)
  2 worker ants
  6 adders
  2 shadow imps
  An ooze (D:2)
  2 dart slugs
  2 worms (D:2)
  4 leopard geckos
  19 orcs
  4 bats (D:1)
  5 hobgoblins
  3 jackals (D:4)
  7 kobolds
  3 ball pythons
  2 frilled lizards
  6 goblins
  6 rats
92 creatures vanquished.

Notes
Turn   | Place    | Note
-------+----------+-------------------------------------------
     0 | D:1      | Mehrunes the Mummy Fire Elementalist began the quest for
                  | the Orb.
     0 | D:1      | Reached XP level 1. HP: 13/13 MP: 4/4
   185 | D:1      | Reached skill level 1 in Conjurations
   240 | D:1      | Reached skill level 3 in Spellcasting
   242 | D:1      | Reached XP level 2. HP: 19/19 MP: 0/6
  1013 | D:2      | Reached XP level 3. HP: 24/24 MP: 5/7
  1119 | D:2      | Learned a level 3 spell: Conjure Flame
  1648 | D:2      | Reached XP level 4. HP: 20/30 MP: 2/9
  2042 | D:3      | Found a hide-covered altar of Uskayaw.
  2073 | D:3      | Reached skill level 4 in Spellcasting
  2120 | D:3      | Reached XP level 5. HP: 23/35 MP: 11/11
  2688 | D:3      | Learned a level 4 spell: Sticky Flame
  3061 | D:3      | Reached skill level 5 in Spellcasting
  3061 | D:3      | Reached XP level 6. HP: 6/41 MP: 2/13
  3412 | D:4      | HP: 1/41 [orc (5)]
  3613 | D:4      | Noticed Blork the orc
  3615 | D:4      | Killed Blork the orc
  3813 | D:4      | Learned a level 5 spell: Fireball
  3971 | D:4      | Reached XP level 7. HP: 38/46 MP: 5/15
  4021 | D:4      | Found a staircase to the Ecumenical Temple.
  4081 | Temple   | Entered the Ecumenical Temple
  4526 | D:5      | Entered Level 5 of the Dungeon
  4551 | D:5      | Reached skill level 6 in Spellcasting
  4726 | D:5      | Learned a level 3 spell: Iskenderun's Mystic Blast
  4813 | D:5      | Reached skill level 5 in Fire Magic
  5097 | D:5      | Reached skill level 7 in Spellcasting
  5097 | D:5      | Reached XP level 8. HP: 33/52 MP: 12/18
  5125 | D:5      | Killed from afar by a crimson imp

Skill      XL: |  1  2  3  4  5  6  7 |
---------------+----------------------+-----
Conjurations   | 1 2 3 4 |  4.4
Spellcasting   | 3 4 5 7 |  7.0
Fire Magic     | 3 4 5 |  5.1
Dodging        | |  1.5
Stealth        | |  2.1

Action                   |  1- 3 |  4- 6 |  7- 9 || total
-------------------------+-------+-------+-------++-------
Melee: Dagger            |    12 |    18 |     5 ||    35
 Fire: Blowgun           |       |     4 |       ||     4
Throw: Tomahawk          |       |     3 |     8 ||    11
 Cast: Flame Tongue      |    65 |    91 |    29 ||   185
       Sticky Flame      |       |     1 |     5 ||     6
       Iskenderun's Myst |       |       |     5 ||     5
  Use: Scroll            |       |     4 |     3 ||     7
 Stab: Sleeping          |       |     1 |       ||     1
Armor: Robe              |    11 |    11 |     4 ||    26
Dodge: Dodged            |    26 |    59 |    13 ||    98
